 Dungeon Crawl Stone Soup version 0.30-a0-1161-g0704695555 (webtiles) character file.

Game seed: 18150965321914833807

60 voltaire321 the Magician (level 4, -6/32 HPs)
             Began as a Djinni Hedge Wizard on Apr 27, 2023.
             Mangled by an orc
             ... wielding a +0 trident
              (7 damage)
             ... on level 3 of the Dungeon.
             The game lasted 00:05:40 (2495 turns).

voltaire321 the Magician (Djinni Hedge Wizard)      Turns: 2495, Time: 00:05:41

Health: -6/32      AC:  4    Str:  9    XL:     4   Next: 25%
Gold:   133        EV: 12    Int: 16    God:
                   SH:  0    Dex: 14

rFire   + + +        t - +2 quarterstaff (heavy)
rCold   x . .        (shield currently unavailable)
rNeg    . . .        s - +1 leather armour {rF+}
rPois   ∞            c - +0 hat
rElec   .            (no cloak)
rCorr   .            (no gloves)
SInv    +            (boots unavailable)
Will    .....        (no amulet)
Stlth   +            n - ring of see invisible
HPRegen 0.25/turn    (no ring)
MPRegen 0.00/turn

%: infuse magic (-7 HP)
@: confused, flying, very slightly contaminated
A: sickness immunity, fire resistance 2, cold vulnerability 1, float, innate
caster, HP casting, extra vitality 1
a: no special abilities


You were on level 3 of the Dungeon.
You visited 1 branch of the dungeon, and saw 3 of its levels.

You collected 133 gold pieces.

Inventory:

Hand Weapons
 a - a +0 dagger
 t - a +2 heavy quarterstaff (weapon)
Missiles
 q - 2 curare-tipped darts
Armour
 b - a +0 robe
 c - a +0 hat (worn)
 s - a +1 leather armour of fire resistance (worn)
Jewellery
 n - a ring of see invisible (left hand)
Scrolls
 g - a scroll of brand weapon {unknown}
 i - a scroll of noise {unknown}
 j - a scroll of enchant armour {unknown}
 m - a scroll of teleportation {unknown}
 r - a scroll of vulnerability {unknown}
Potions
 d - 3 potions of degeneration {unknown}
 e - 2 potions of mutation {unknown}
 f - a potion of magic {unknown}
 h - a potion of attraction {unknown}
 k - a potion of curing {unknown}
 l - a potion of heal wounds {unknown}
 o - a potion of experience {unknown}
 p - a potion of flight {unknown}
 u - a potion of haste {unknown}


   Skills:
 + Level 1.2 Fighting
 + Level 1.3 Armour
 + Level 2.7 Dodging
 + Level 2.1 Stealth
 * Level 2.8 Spellcasting


You knew the following spells:

 Your Spells              Type           Power      Damage    Failure   Level
a - Magic Dart            Conj           44%        1d5       8%          1
b - Slow                  Hex            44%        N/A       8%          1
c - Blink                 Tloc           22%        N/A       12%         2
d - Call Imp              Summ           22%        N/A       12%         2
e - Mephitic Cloud        Conj/Pois/Air  11%        N/A       24%         3
f - Apportation           Tloc           22%        N/A       8%          1
Your spell library was empty.

Dungeon Overview and Level Annotations

Branches:
Dungeon (3/15)

Altars:


Innate Abilities, Weirdness & Mutations

You are immune to sickness and miasma.
You are immune to poison.
Your flesh is very heat resistant. (rF++)
You are vulnerable to cold. (rC-)
You float through the air rather than walking.
You learn spells naturally, not from books.
Your magical power is your life essence.
You have superior vitality. (+4 MHP)


Message History

The orc priest completely misses you. The bat hits you but does no damage.
The orc priest barely misses you. The orc barely misses you.
You barely miss the orc priest.
The orc priest is heavily wounded.
The bat hits you but does no damage.
A hobgoblin comes into view.
The orc wizard hits you but does no damage.
The orc barely misses you. The orc priest misses you.
The orc priest invokes the aid of Beogh against you.
Pain shoots through your body! The orc barely misses you.
The orc wizard misses you.
Okay, then.
Unknown command.
Casting: Call Imp (safe; 12% risk of failure)
Confirm with . or Enter, or press ? or * to list all spells.
A tiny devil pulls itself out of the air.
The bat closely misses your cerulean imp.
The bat barely misses your cerulean imp.
The orc wizard hits you with a +0 dagger.
The orc priest calls down the wrath of Beogh upon you.
Beogh smites you!
Ouch! That really hurt!
* * * LOW HITPOINT WARNING * * *
The orc hits you from afar with a +0 trident.
* * * LOW HITPOINT WARNING * * *
You sock the orc priest!
You kill the orc priest!
The bat barely misses your cerulean imp.
The bat hits your cerulean imp but does no damage.
The bat closely misses your cerulean imp. x2
The bat hits your cerulean imp but does no damage.
The orc barely misses you. The orc wizard casts a spell at you.
You are confused.
Your cerulean imp completely misses the bat.
The bat barely misses your cerulean imp.
The orc wizard hits you with a +0 dagger.
* * * LOW HITPOINT WARNING * * *
The orc hits you from afar with a +0 trident!
You die...

#....? #.....
##..$$. ......g
).....$ .....ob
......5###
#....o@.#
#....)#.#
#.....#.#
>####.###.#.###
....#
#.#...#######
..#.#
#.#)#....... .
######....# #


#.#.#PPPPPPP.P P ..........#.# #.#......P.P.P.P ............# #.#P.P.P.P.P.P You
could see an orc wizard (invisible), an orc, a hobgoblin, a bat (ally target)
and a friendly cerulean imp (summoned).

Vanquished Creatures
  An orc priest (D:3)
  2 orcs (D:3)
  5 endoplasms
  A giant cockroach (D:2)
  A goblin (D:2)
  3 hobgoblins
  2 jackals (D:1)
  2 quokkas (D:2)
  6 ball pythons
  2 bats
  2 kobolds
  5 rats
32 creatures vanquished.

Vanquished Creatures (collateral kills)
  2 adders
  2 jackals (D:1)
  A quokka (D:2)
  A frilled lizard (D:3)
  A kobold (D:1)
7 creatures vanquished.

Grand Total: 39 creatures vanquished

Notes
Turn   | Place    | Note
-------+----------+-------------------------------------------
     0 | D:1      | voltaire321 the Djinni Hedge Wizard began the quest for the
                  | Orb.
     0 | D:1      | voltaire321 set off with the following spells memorised:
                  | Magic Dart, Slow, Blink, Call Imp, Mephitic Cloud.
     0 | D:1      | Reached XP level 1. HP: 15/15 MP: 0/0
   206 | D:1      | Reached XP level 2. HP: 20/22 MP: 0/0
   833 | D:2      | Reached XP level 3. HP: 23/26 MP: 0/0
   833 | D:2      | Learned a level 1 spell: Apportation
   940 | D:2      | Reached skill level 1 in Armour
  1136 | D:2      | Reached skill level 1 in Fighting
  1823 | D:2      | Identified the +3 leather armour of Goilekko {Int+2}
  2344 | D:3      | Reached XP level 4. HP: 23/32 MP: 0/0
  2495 | D:3      | HP: 1/32 [orc wizard/+0 dagger (1)]
  2495 | D:3      | Mangled by an orc

Illustrated notes

Levels and vault maps discovered:
D:1:      lordsloth_arrival_two_stooges, layout_basic
D:2:      layout_loops_corners
D:3:      layout_basic, grunt_ministairs_6, minmay_hedge_maze

Skill      XL: |  1  2  3 |
---------------+----------+-----
Armour         | 1 |  1.3
Fighting       | 1 |  1.2
Stealth        | 2 |  2.1
Dodging        | |  2.7
Spellcasting   | |  2.8

Action                     |  1- 3 |  4- 6 || total
---------------------------+-------+-------++-------
  Melee: Dagger            |    80 |       ||    80
         Punch             |     2 |       ||     2
         Quarterstaff      |     3 |     9 ||    12
   Cast: Magic Dart        |    51 |       ||    51
         Call Imp          |     6 |     2 ||     8
   Stab: Sleeping          |     3 |       ||     3
 Armour: Robe              |    10 |       ||    10
         Leather armour    |     2 |     6 ||     8
  Dodge: Dodged            |    71 |    14 ||    85

Table legend: (Time is in decaauts)
 A = Elapsed time spent in this place.
 B = Non-inter-level travel time spent in this place.
 C = Inter-level travel time spent in this place.
 D = Time resting spent in this place.
 E = Time spent auto-exploring this place.
 F = Levels seen in this place.
 G = Mean time per level.
                   A        B        C        D        E       F      G
               +--------+--------+--------+--------+--------+-----+--------+
         Total |   2504 |   2457 |     47 |    546 |   1526 |   3 |  834.7 |
       Dungeon |   2504 |   2457 |     47 |    546 |   1526 |   3 |  834.7 |
               +--------+--------+--------+--------+--------+-----+--------+

Top non-repeatable levels by time:
     D:2: 1425 daAuts
     D:1: 820 daAuts
     D:3: 258 daAuts
